[Event "Late-Titled-Tuesday-Blitz-May-14-2024"]
[Site "Chess.com"]
[Date "2024.05.14"]
[Round "6"]
[White "Meri-Arabidze"]
[Black "BilodeauA"]
[Result "0-1"]
[WhiteElo "2684"]
[BlackElo "2899"]
[TimeControl "180+1"]
[EndTime "15:07:48 PDT"]
[Termination "BilodeauA won on time"]

1. Nf3 d5 2. c4 dxc4 3. Qa4+ Nd7 4. Qxc4 e6 5. g3 a6 6. Bg2 b5 7. Qc2 Bb7 8. O-O Ngf6 9. b3 Be7 10. Bb2 O-O 11. d3 c5 12. e4 Rc8 13. Nc3 Qb6 14.
Rad1 Rfd8 15. Rfe1 h6 16. h4 Nb8 17. Qe2 Nc6 18. e5 Nd7 19. Ne4 Qc7 20. Ned2 Nb4 21. a3 Nc6 22. h5 Kh8 23. g4 Nd4 24. Nxd4 cxd4 25. Bxd4 Bxg2 26. Kxg2 Bxa3 27. g5 Be7 28. gxh6 gxh6 29. Ne4 Rg8+ 30. Kf1 Rg7 31. Qe3 Rcg8 32. Qxh6+ Rh7 33. Qf4 f5 34. Nd6 Rg4 35. Qe3 Bg5 36.
Rc1 Bxe3 37. Rxc7 Bxd4 38. h6 Nxe5 39. Rc8+ Rg8 40. Rxg8+ Kxg8 41. f4 Ng4 42. Rxe6 Rxh6 43. Re8+ Kh7 44. Nxf5 Rh1+ 45. Kg2 Rg1+ 46. Kf3 Bf6 47.
Rf8 Kg6 48. Nd6 Nh2+ 49. Ke4 Re1+ 50. Kd5 Nf3 51. f5+ Kg5 52. Ne4+ Kxf5 53. Rxf6+ Kg4 54.
Rxa6 Kf4 55. Rf6+ Ke3 56. Rb6 Rh1 57. Rxb5 Rh5+ 58. Kc4 Ne5+ 59. Kc3 Rf5 60. Rc5 Kf4 61. b4 Rf8 62. b5 Rd8 63. Kb4 Nxd3+ 64. Kc4 Kxe4 65.
Rc6 Rd4+ 66. Kb3 Kd5 67. Rc8 Nc5+ 68. Kc3 Rc4+ 69. Kd2 Ne4+ 70. Ke3 Rxc8 0-1

[Event "Late-Titled-Tuesday-Blitz-May-14-2024"]
[Site "Chess.com"]
[Date "2024.05.14"]
[Round "6"]
[White "Oleg_Papayan"]
[Black "tgpgoat"]
[Result "0-1"]
[WhiteElo "2615"]
[BlackElo "2475"]
[TimeControl "180+1"]
[EndTime "15:07:53 PDT"]
[Termination "tgpgoat won on time"]

1. e4 c5 2. d4 cxd4 3. Qxd4 Nc6 4. Qd3 d6 5. Nc3 Nf6 6. Nf3 g6 7. Be2 Bg7 8. O-O O-O 9. Nd5 Nxd5 10. exd5 Ne5 11.
Nxe5 Bxe5 12. c3 Bf5 13. Qd1 a6 14. Be3 b5 15. Re1 Rc8 16. Qb3 Qa5 17. a4 bxa4 18. Rxa4 Rb8 19. Qa3 Qxd5 20. Rxa6 Rb3 21. Qa2 Qb7 22.
Bf3 Qb5 23. Rb6 Qxb6 24. Bxb6 Rxb6 25. Be4 Be6 26. Qa3 Rfb8 27. b4 Rc8 28. Re3 Bf6 29.
Qa5 Rbb8 30. b5 d5 31. Bf3 d4 32. cxd4 Bxd4 33. Rd3 Bb6 34. Qa6 Bc4 35. Rd2 Bxb5 36.
Qa3 Bc5 37. Qa2 Bc4 38. Qc2 Bd6 39. Qe4 Bb3 40. g3 Be6 41. Kg2 Rb4 42. Qd3 Bf5 43.
Qd5 Be6 44. Qd3 Rbc4 45. h4 h5 46. Qe3 Rc3 47. Rd3 Rc2 48. Rd2 R2c3 49. Qd4 Rc1 50.
Rd1 R1c2 51. Rd2 R2c7 52. Qa4 Bd7 53. Qe4 Bf5 54. Qe2 Kg7 55. Be4 Be6 56. Bd3 Bd5+ 57.
Be4 Be6 58. Bd5 Bf5 59. Qf3 Rc3 60. Qe2 R8c5 61. Bf3 Be6 62. Qd1 Be5 63. Be4 Bf6 64. Bf3 R3c4 65. Qe2 Rb4 66. Qe3 Rc3 67. Qa7 Rbb3 68.
Be2 Rc8 69. Qa6 Rbc3 70. Qa5 R3c5 71. Qb4 Bd5+ 72. Bf3 Be6 73. Qb3 Bxb3 0-1

[Event "Late-Titled-Tuesday-Blitz-May-14-2024"]
[Site "Chess.com"]
[Date "2024.05.14"]
[Round "6"]
[White "yaguigor"]
[Black "BestestBP"]
[Result "1-0"]
[WhiteElo "2560"]
[BlackElo "2195"]
[TimeControl "180+1"]
[EndTime "15:07:54 PDT"]
[Termination "yaguigor won by resignation"]

1. d4 Nf6 2. c4 d6 3. Nf3 g6 4. Nc3 Bg7 5. e4 O-O 6. Be2 Nbd7 7. e5 dxe5 8. dxe5 Ng4 9. e6 Nde5 10.
Qxd8 Rxd8 11. exf7+ Nxf7 12. h3 Nge5 13. Bd2 c6 14.
O-O-O Bf5 15. Nxe5 Nxe5 16. Bg5 Kf7 17. Rxd8 Rxd8 18. Rd1 Rxd1+ 19. Nxd1 Bd3 20. Bxd3 Nxd3+ 21. Kb1 Ne1 22. g4 Nf3 23. Be3 b6 24. Kc2 h5 25.
gxh5 gxh5 26. Kd3 Ne5+ 27. Ke4 Nxc4 28. Bc1 Nd6+ 29. Kf3 e5 30. Nc3 Ke6 31. Ne4 Nb5 32. b3 Nd4+ 33. Kg2 c5 34. Ng3 h4 35. Ne4 Bf8 36. f3 Be7 37. Kf2 Kf5 38. Bd2 Bf8 39. Bg5 b5 40. Bxh4 c4 41. bxc4 bxc4 42. Bg5 c3 43.
Bc1 c2 44. Ng3+ Ke6 45. Ne2 Kd5 46. h4 Kc4 47. h5 Nf5 48. Ng3 Nh6 49. Ke2 Kb5 50. Kd3 a5 51. Kxc2 Kc4 52. Bxh6 Bxh6 53. Nf5 Bg5 54. h6 Bf6 55. h7 Kd5 56. Kd3 Ke6 57.
Ke4 a4 58. Ne3 Bh8 59. Nc4 Kf7 60. Nxe5+ Kg7 61. Nc4 Kxh7 62. Nb6 a3 63. Nc4 Kg6 64. Nxa3 Bb2 65. Nc4 Bf6 66. a4 Bd8 67. Kd5 Kf5 68.
Kc6 Kf4 69. Nb6 Kxf3 70. a5 Ke4 71. a6 Bxb6 72. Kxb6 Kd5 73. a7 1-0

[Event "Late-Titled-Tuesday-Blitz-May-14-2024"]
[Site "Chess.com"]
[Date "2024.05.14"]
[Round "6"]
[White "NateSolon"]
[Black "Godzillator"]
[Result "1/2-1/2"]
[WhiteElo "2652"]
[BlackElo "2432"]
[TimeControl "180+1"]
[EndTime "15:07:58 PDT"]
[Termination "Game drawn by repetition"]

1. d4 d5 2. Bf4 c5 3. e3 cxd4 4. exd4 Nc6 5. Nf3 Nf6 6. c3 Bf5 7. Nbd2 e6 8. Qb3 Qc8 9. Be2 Be7 10. O-O O-O 11. Rfe1 a6 12. h3 b5 13. Nh4 Na5 14. Qd1 Bg6 15. Nxg6 hxg6 16. Bd3 Nc4 17. Rb1 Qc6 18. Nf3 Bd6 19. Ne5 Bxe5 20. dxe5 Nd7 21. h4 Nc5 22. Bc2 Na4 23. Bc1 Na3 24.
bxa3 Nxc3 25. Qg4 Nxb1 26. Bxb1 Qc4 27. Qg3 Rac8 28. Rd1 Qc3 29. Bd3 Rfd8 30. h5 gxh5 31.
Bh6 g6 32. Qg5 Kh7 33. Qf4 Rd7 34. Bg5 Rc4 35. Bxc4 Qxc4 36. Qxc4 bxc4 37. Be3 Rb7 38. Bd4 g5 39. f3 Kg6 40. Kf2 Kf5 41. Ke3 g4 42.
Rh1 Kg5 43. f4+ Kg6 44. g3 a5 45. Kd2 a4 46. Kc2 Rb8 47. Bc5 Rh8 48. Kc3 Kf5 49.
Kb4 Ke4 50. Kxa4 Kf3 51. Rg1 h4 52. gxh4 Rxh4 53. Kb5 g3 54. a4 g2 55. a5 Rxf4 56.
a6 d4 57. a7 Kf2 58. a8=Q Kxg1 59. Kxc4 Kf1 60. Bxd4 Rxd4+ 61. Kxd4 g1=Q+ 62. Kc4 Qg4+ 63. Kc5 Qf4 64. Qa6+ Kf2 65. Kd6 Qd4+ 66. Ke7 Qxe5 67. Kxf7 Qf5+ 68. Ke7 e5 69. Qb6+ Kf3 70. Qc6+ Kf4 71.
a4 e4 72. Qd6+ Qe5+ 73. Qxe5+ Kxe5 74. a5 e3 75. a6 e2 76. a7 e1=Q 77. a8=Q Kf5+ 78.
Kf7 Qe6+ 79. Kf8 Qf6+ 80. Kg8 Qg6+ 81. Kh8 Qh6+ 82. Kg8 Qg6+ 83. Kh8 Qf6+ 84. Kg8 Qg6+ 1/2-1/2

[Event "Late-Titled-Tuesday-Blitz-May-14-2024"]
[Site "Chess.com"]
[Date "2024.05.14"]
[Round "6"]
[White "Filipets"]
[Black "HipsterChess22"]
[Result "1-0"]
[WhiteElo "2578"]
[BlackElo "2181"]
[TimeControl "180+1"]
[EndTime "15:07:59 PDT"]
[Termination "Filipets won by resignation"]

1. c4 c6 2. d4 d5 3. cxd5 cxd5 4. Nc3 e5 5. dxe5 d4 6. Ne4 Qa5+ 7. Bd2 Qxe5 8. Ng3 Nc6 9. Nf3 Qd5 10. a3 Nf6 11. Rc1 Be6 12. e3 dxe3 13. Bxe3 Qxd1+ 14. Rxd1 Be7 15. Bb5 O-O 16. O-O Rfd8 17. Bxc6 bxc6 18.
Nd4 Bd5 19. Rc1 Rdb8 20. b4 a5 21. Nxc6 Bxc6 22. Rxc6 axb4 23. axb4 Bxb4 24. Nf5 Ra5 25. Nd4 Bc5 26. Nb3 Rxb3 27. Bxc5 h6 28. Be3 Nd5 29. Bd4 Rd3 30. Rc8+ Kh7 31. Be5 Ne7 32. Rc3 Rxc3 33. Bxc3 Ra7 34. h3 Nd5 35. Be5 Nf6 36. Bxf6 gxf6 37. g3 Kg6 38. Kg2 h5 39. Rc1 Ra6 40.
Rc4 f5 41. Rb4 Rc6 42. Rb3 Ra6 43. Kf3 Rc6 44. Rd3 Rf6 45. Kf4 Re6 46. Rd4 Rf6 47.
Ra4 Re6 48. f3 Rf6 49. Ra5 Rb6 50. Ra4 Rc6 51. Ke5 Re6+ 52. Kd5 Rb6 53. Rc4 Re6 54. Rc6 Rxc6 55. Kxc6 f4 56. g4 hxg4 57. hxg4 f5 58. gxf5+ Kxf5 59. Kd5 Kf6 60. Kd6 Kf5 61. Ke7 Kg5 62.
Ke6 Kg6 63. Ke5 Kf7 64. Kf5 Ke7 65. Kg6 Ke6 66. Kh5 Kf7 67. Kg5 Kg7 68. Kg4 Kf6 69.
Kxf4 Ke6 70. Kg5 Kf7 71. Kf5 Kg7 72. Ke6 Kf8 73. Kf6 Ke8 74. f4 Kf8 75. f5 Kg8 76.
Ke7 Kg7 77. f6+ Kg8 78. f7+ Kg7 79. f8=Q+ Kg6 80. Qf4 1-0

[Event "Late-Titled-Tuesday-Blitz-May-14-2024"]
[Site "Chess.com"]
[Date "2024.05.14"]
[Round "6"]
[White "lucasran"]
[Black "bubeliang"]
[Result "1/2-1/2"]
[WhiteElo "2578"]
[BlackElo "2805"]
[TimeControl "180+1"]
[EndTime "15:08:03 PDT"]
[Termination "Game drawn by agreement"]

1. c4 e6 2. g3 d5 3. Bg2 Nf6 4.
Nf3 dxc4 5. Qa4+ Nbd7 6. Qxc4 Bd6 7. O-O O-O 8. d3 a6 9. Qb3 Rb8 10. a4 h6 11. Na3 b6 12. Nc4 Bb7 13. Nxd6 cxd6 14. Qa3 Qe7 15. Bd2 Rfc8 16. Rfc1 e5 17.
Bb4 Nc5 18. Bh3 Rc7 19. a5 Bxf3 20. exf3 Rcb7 21. axb6 Rxb6 22. Bxc5 dxc5 23. Qxc5 Qxc5 24. Rxc5 Rxb2 25. Rxe5 R2b6 26. Rea5 Rd6 27. Bf1 Rbb6 28. R1a4 Nd5 29. d4 Nc3 30. Ra3 Nb5 31. Bxb5 axb5 32. Rb3 Rd5 33. Rb4 g6 34. Ra3 Rc6 35. Rab3 Kg7 36.
Rxb5 Rxd4 37. f4 Rd2 38. Rf3 Rf6 39. Kg2 h5 40. h4 Rfd6 41. f5 Rf6 42. fxg6 Rxf3 43.
Kxf3 fxg6 44. Rb7+ Kh6 45. Rf7 Ra2 46. Re7 Ra4 47.
Kg2 Ra5 48. Rf7 Ra3 49. Kh3 Rb3 50. f3 Ra3 51. Kg2 Ra4 52. Kf2 Ra3 53. g4 hxg4 54. fxg4 Rh3 55. Kg2 Rxh4 56. Kg3 Rh1 57. Rb7 Ra1 58.
Rb5 Ra4 59. Kh3 Rc4 60. Kg3 Rc2 61. Kh3 Rc1 62. Kg3 Rh1 63. Kf3 Rh3+ 64. Kf4 Ra3 65. Rc5 g5+ 66. Kf5 Rf3+ 67. Ke5 Rf4 68. Rc6+ Kh7 69.
Rc7+ Kg8 70. Rc8+ Kf7 71. Rc7+ Kf8 72. Rc8+ Ke7 73. Rc7+ Ke8 74. Rc8+ Kd7 75. Rg8 Rxg4 76. Kf5 Rf4+ 77. Kxg5 1/2-1/2

[Event "Late-Titled-Tuesday-Blitz-May-14-2024"]
[Site "Chess.com"]
[Date "2024.05.14"]
[Round "6"]
[White "Cherepov_Alexej"]
[Black "Dolphin_2010"]
[Result "1/2-1/2"]
[WhiteElo "2410"]
[BlackElo "2612"]
[TimeControl "180+1"]
[EndTime "15:08:03 PDT"]
[Termination "Game drawn - insufficient material"]

1. d4 h5 2. e4 h4 3. h3 g6 4. Nf3 Bg7 5. Bc4 d6 6. Nc3 Nd7 7.
Bxf7+ Kxf7 8. Ng5+ Ke8 9. Ne6 Ndf6 10. Nxd8 Kxd8 11. e5 Nd7 12. O-O Nh6 13. Bg5 Nf5 14.
Nd5 Nf8 15. Re1 Be6 16. exd6 cxd6 17. Nxe7 Nxe7 18. Bxe7+ Kxe7 19. d5 Rc8 20. Qg4 Be5 21.
dxe6 Rxc2 22. Qg5+ Bf6 23. Qa5 Bd4 24. Re4 Bxf2+ 25.
Kh1 Rh5 26. Qa4 Rhc5 27. Ree1 Bxe1 28. Rxe1 Rc1 29. Rxc1 Rxc1+ 30. Kh2 Nxe6 31. Qxh4+ Kf7 32. Qf2+ Ke7 33. Qxa7 Rc7 34. Qb6 Rd7 35. Qe3 d5 36. a4 d4 37. Qd3 Nf4 38. Qe4+ Ne6 39. Qd3 Nc5 40. Qe2+ Kf6 41. b4 Ne6 42. Qd3 Ke5 43. a5 Nf4 44. Qb5+ Ke6 45. Qb6+ Kf7 46. Qb5 Ke7 47. Qg5+ Ke6 48. Qxf4 d3 49. Qe3+ Kf6 50. Qf3+ Ke5 51. b5 d2 52. Qe2+ Kf6 53. Qd1 Rd6 54.
a6 bxa6 55. bxa6 Rd7 56. a7 Rd8 57. a8=Q Rxa8 58. Qxd2 Rf8 59. Qd6+ Kg7 60. Qe5+ Rf6 61. g4 Kf7 62. Qd5+ Re6 63. h4 Kf6 64. Kg3 Re5 65. Qd6+ Re6 66. Qf8+ Ke5 67. Qg7+ Kd6 68. h5 gxh5 69.
gxh5 Re1 70. h6 Ke6 71. Qg6+ Ke7 72. Qg5+ Ke6 73. Kg4 Rg1+ 74. Kh5 Rxg5+ 75. Kxg5 Kf7 76. Kh5 Kf6 77. h7 Kg7 78. h8=Q+ Kxh8 1/2-1/2

[Event "Late-Titled-Tuesday-Blitz-May-14-2024"]
[Site "Chess.com"]
[Date "2024.05.14"]
[Round "6"]
[White "zverr1"]
[Black "jcmesafischer"]
[Result "0-1"]
[WhiteElo "2448"]
[BlackElo "2311"]
[TimeControl "180+1"]
[EndTime "15:08:08 PDT"]
[Termination "jcmesafischer won by checkmate"]

1. d4 Nf6 2. c4 e6 3. Nf3 Bb4+ 4. Bd2 Be7 5. g3 d5 6. Bg2 O-O 7. O-O dxc4 8. Qc1 a6 9. Qxc4 b5 10. Qc2 Bb7 11. Rc1 Bd6 12. Bg5 Nbd7 13. Nbd2 c5 14.
Bxf6 Qxf6 15. Ng5 Qxg5 16. Bxb7 Ra7 17. Ne4 Qe7 18. Nxd6 Qxd6 19. Be4 Qxd4 20. Bxh7+ Kh8 21. Be4 Nf6 22. Bf3 c4 23. Rd1 Qe5 24. a4 Rc7 25. axb5 axb5 26. Ra5 g6 27. Qc3 Qxc3 28. bxc3 Rb8 29. Rb1 Rc5 30. Ra7 Kg7 31. Ra2 e5 32. e3 e4 33. Bg2 Nd5 34. Rc2 f5 35. Bf1 Ra8 36. Rd1 Kf6 37. Re1 Ra3 38. Rec1 Rc7 39. h4 Rca7 40. Be2 Ra2 41. h5 gxh5 42. Bxh5 Rxc2 43. Rxc2 Ra3 44. Rd2 Ke5 45. Be8 Nxc3 46.
Rd7 b4 47. Rc7 b3 48. Rb7 Nd1 49. Bf7 b2 50. Rb6 f4 51. exf4+ Kf5 52. Bxc4 Ra1 53. Be6+ Kf6 54. Bd5+ Ke7 55. Bxe4 Nc3+ 56. Bb1 Rxb1+ 57.
Kg2 Na4 58. Rb4 Ra1 59. Kf3 b1=Q 60. Rxb1 Rxb1 61. g4 Rb4 62. g5 Rb3+ 63. Kg4 Nc5 64. Kf5 Ne6 65. Ke5 Rb5+ 66. Ke4 Rb4+ 67. Ke5 Rxf4 68.
g6 Rg4 69. g7 Rxg7 70. f4 Rf7 71. f5 Ng7 72. f6+ Rxf6 73. Kd5 Re6 74. Kd4 Nf5+ 75. Kd5 Kd7 76. Kc5 Rd6 77. Kc4 Ne7 78. Kc5 Rd5+ 79.
Kc4 Kd6 80. Kc3 Nc6 81. Kc4 Rc5+ 82. Kd3 Kd5 83. Ke3 Rc4 84. Kd3 Ne5+ 85. Ke3 Re4+ 86. Kf2 Kd4 87. Kg3 Rg4+ 88. Kf2 Ke4 89. Ke2 Rg2+ 90.
Kf1 Kf3 91. Ke1 Ng4 92. Kf1 Ne3+ 93. Ke1 Re2# 0-1

[Event "Late-Titled-Tuesday-Blitz-May-14-2024"]
[Site "Chess.com"]
[Date "2024.05.14"]
[Round "6"]
[White "Jospem"]
[Black "KuzubovYuriy"]
[Result "1-0"]
[WhiteElo "3035"]
[BlackElo "2933"]
[TimeControl "180+1"]
[EndTime "15:08:09 PDT"]
[Termination "Jospem won by resignation"]

1. e4 c5 2. Nf3 Nc6 3. c3 Nf6 4.
e5 Nd5 5. Bc4 Nb6 6. Bb3 d5 7.
exd6 Qxd6 8. O-O Bf5 9. d4 cxd4 10. cxd4 e6 11. Nc3 Be7 12. a4 a5 13. Nb5 Qd7 14. Bf4 O-O 15. Rc1 Rac8 16. h3 Be4 17.
Bg3 Bd5 18. Bc2 Nb4 19. Ne5 Qd8 20. Nc3 Nxc2 21. Qxc2 Bb4 22. Rfd1 Bc6 23. Ra1 Nd5 24. Qb3 Bd6 25. Ne4 Bxe5 26. dxe5 Qb6 27. Qf3 Ne7 28. Qa3 Bxe4 29. Qxe7 Qxb2 30. Kh2 Qb4 31. Qd7 Bd5 32. Qb5 Qxb5 33. axb5 b6 34. f3 Rc2 35. Kg1 Rb2 36. Bf2 Rxb5 37. Rdb1 Rxb1+ 38. Rxb1 a4 39. Rxb6 Ra8 40.
Bc5 h6 41. Ba3 Rc8 42. Ra6 Bb3 43. h4 Rc2 44. h5 Re2 45. Bd6 Re1+ 46. Kh2 Rc1 47.
Ra8+ Kh7 48. Rf8 Rc4 49. Kg3 Rc6 50. Rxf7 Ra6 51. Ba3 Kg8 52. Rc7 Bd5 53. Rc8+ Kh7 54. Rc7 Rc6 55. Ra7 Rc4 56. Bf8 Kg8 57. Bxg7 a3 58. Bxh6 Rc3 59. Bg5 a2 60. h6 Be4 61.
Rxa2 Bg6 62. Ra7 Bf5 63. Bf6 Rc2 64. h7+ Bxh7 65. Rg7+ Kh8 66. Rc7+ Kg8 67. Re7 Bf5 68. Kh2 Ra2 69. Rg7+ Kf8 70. Rg5 Rd2 71. Kg1 Rc2 72. g4 Bd3 73. Rh5 Be2 74. Kf2 Bd1+ 75. Kg3 Rc3 76.
Rh8+ Kf7 77. Rh7+ Kf8 78. g5 Rxf3+ 79. Kg2 Ra3 80. g6 Ke8 81. Rh8+ Kd7 82. Rd8+ Kc6 83. Rxd1 Ra4 84. Kf3 Ra3+ 85. Kg4 Ra8 86. g7 1-0

[Event "Late-Titled-Tuesday-Blitz-May-14-2024"]
[Site "Chess.com"]
[Date "2024.05.14"]
[Round "6"]
[White "marvinguevara"]
[Black "Boorchess"]
[Result "0-1"]
[WhiteElo "2188"]
[BlackElo "2578"]
[TimeControl "180+1"]
[EndTime "15:08:10 PDT"]
[Termination "Boorchess won by resignation"]

1. e4 e5 2. Nf3 Nf6 3. Nxe5 d6 4. Nf3 Nxe4 5. d4 d5 6. Bd3 Bd6 7. O-O O-O 8. Nc3 Nxc3 9. bxc3 Bg4 10. h3 Bh5 11. Rb1 b6 12. Rb5 c6 13. Rb1 b5 14.
Re1 Nd7 15. a4 a6 16. axb5 axb5 17. g4 Bg6 18. Bg5 Qc7 19. Bxg6 hxg6 20. Qd3 Nb6 21. Ne5 Bxe5 22. dxe5 Rfe8 23. e6 Rxe6 24. Rxe6 fxe6 25. Qxg6 Qf7 26. Qd3 Nc4 27. Re1 e5 28. Bh4 Re8 29.
Bg3 Qf6 30. Qd1 e4 31. Qa1 Nd2 32. Kg2 Qf3+ 33. Kh2 Qf7 34. Kg2 Qb7 35. Qa3 Nc4 36.
Qc5 Ra8 37. h4 Ra7 38. h5 Qb6 39. Qxb6 Nxb6 40. Bd6 Nc4 41. Bc5 Ra2 42. Re2 Kf7 43. Kg3 Ne5 44. Kf4 Nf3 45. g5 Ra1 46. Kf5 Rh1 47.
g6+ Kg8 48. Kg4 Rh4+ 49. Kg3 Rxh5 50. Be3 Rf5 51. Kg4 Rf6 52. Kh5 Re6 53. c4 d4 54. Bc1 bxc4 55. c3 d3 56. Ra2 Re8 57. Ra4 d2 58. Bxd2 Nxd2 59. Kg5 Nb1 60. Rxc4 Nd2 61.
Rxc6 Nf3+ 62. Kf4 Nh4 63. c4 Ng2+ 64. Kg3 Ne1 65. c5 Nd3 66. Kh4 Rf8 67. Rc7 Ne5 68.
Kg5 Rxf2 69. Rc8+ Rf8 70. Rc7 e3 71. Re7 Nf3+ 72. Kg4 Nd4 73. Rxe3 Rc8 74. Re4 Nc6 75.
Kg5 Kf8 76. Rh4 Kg8 77. Re4 Nb8 78. Rd4 Rxc5+ 79. Kg4 Rc8 80. Kf5 Nc6 81. Rc4 Ne7+ 82. Ke6 Rxc4 83. Kxe7 Rg4 0-1

[Event "Late-Titled-Tuesday-Blitz-May-14-2024"]
[Site "Chess.com"]
[Date "2024.05.14"]
[Round "6"]
[White "Seochesspie"]
[Black "Gangster-accountant01"]
[Result "1/2-1/2"]
[WhiteElo "2836"]
[BlackElo "2591"]
[TimeControl "180+1"]
[EndTime "15:08:23 PDT"]
[Termination "Game drawn by stalemate"]

1. e4 c5 2. Nf3 e6 3. Bd3 Nc6 4. O-O g6 5. Re1 Bg7 6. Bf1 d6 7. c3 e5 8. a3 Nge7 9. b4 O-O 10. d3 a6 11. Nbd2 h6 12. Rb1 f5 13. bxc5 dxc5 14.
a4 Kh7 15. Qb3 Rb8 16. Qb6 Qxb6 17. Rxb6 Rd8 18. Ba3 Be6 19. Bxc5 Nc8 20. Rb2 b6 21. Ba3 f4 22. Reb1 g5 23. h3 Kg6 24. Nc4 Bxc4 25. dxc4 h5 26. c5 Bf8 27. Bc4 g4 28. Nh4+ Kg5 29.
Nf5 h4 30. hxg4 Kxg4 31. Be6 Kg5 32. f3 Rd3 33. Rc2 N8a7 34. Bc4 Rdd8 35. Bxa6 Bxc5+ 36. Bxc5 bxc5 37. Rxb8 Rxb8 38. Rd2 Rb6 39. Bc4 Na5 40. Bg8 N7c6 41. Rd5 Rb1+ 42. Kh2 Nb3 43. Rd6 h3 44.
Bxb3 hxg2 45. Kxg2 Rb2+ 46. Kf1 Rxb3 47. Rxc6 Rxc3 48. Ke2 Rc2+ 49. Ke1 Rc3 50. Nd6 Rxf3 51. Nf7+ Kh4 52. Nxe5 Ra3 53. Rxc5 Rxa4 54. Nf3+ Kg3 55.
Nd2 f3 56. Rg5+ Kf4 57. Rf5+ Kg4 58. Kf2 Rxe4 59. Rf8 Re2+ 60. Kf1 Rxd2 61. Rg8+ Kf4 62. Rf8+ Ke3 63. Re8+ Kf4 64. Rf8+ Kg4 65. Rg8+ Kh5 66. Rg7 Ra2 67. Rg8 Kh4 68. Rg7 Ra4 69. Rg8 Rg4 70.
Rxg4+ Kxg4 71. Kf2 Kf4 72. Kf1 Ke3 73. Ke1 Kd3 74. Kf2 Ke4 75. Kf1 Kf4 76. Kf2 Kg4 77.
Kf1 Kh3 78. Kf2 Kg4 79. Kf1 Kg3 80. Kg1 Kf4 81. Kf2 Ke4 82. Kf1 Ke3 83. Ke1 f2+ 84.
Kf1 Kf3 1/2-1/2

[Event "Late-Titled-Tuesday-Blitz-May-14-2024"]
[Site "Chess.com"]
[Date "2024.05.14"]
[Round "6"]
[White "yobdc"]
[Black "ozates"]
[Result "1/2-1/2"]
[WhiteElo "2498"]
[BlackElo "2647"]
[TimeControl "180+1"]
[EndTime "15:08:25 PDT"]
[Termination "Game drawn by repetition"]

1. e4 e5 2. Nf3 Nc6 3. Bc4 Bc5 4. c3 Nf6 5. d4 exd4 6. e5 d5 7.
Bb5 Ne4 8. cxd4 Bb6 9. Nc3 O-O 10. Be3 Ne7 11. Bd3 f5 12. Ne2 Ba5+ 13. Kf1 c6 14. h4 h6 15. h5 f4 16. Nxf4 Nf5 17. Kg1 Bb6 18. Ng6 Rf7 19. Bc2 Nxe3 20. fxe3 Bg4 21. Nf4 c5 22. e6 Rf8 23. Bxe4 dxe4 24. Qb3 Kh7 25. Ne5 cxd4 26. Nxg4 dxe3 27. Nd5 e2+ 28.
Nxb6 axb6 29. Qe3 Qd3 30. Re1 Rf1+ 31. Kh2 Qd6+ 32. Kh3 Rxh1+ 33. Rxh1 Qxe6 34. Re1 Ra5 35. Rxe2 Rxh5+ 36. Kg3 Qd6+ 37. Qf4 Qd3+ 38. Re3 Qd5 39. Qxe4+ Qxe4 40. Rxe4 Rd5 41. Re7 Rd3+ 42. Kh2 Rd2 43. Rxb7 Rxb2 44. a4 Rb4 45. Nf6+ Kg6 46. Nd5 Rxa4 47.
Rxb6+ Kh7 48. Nf4 Rxf4 49. Rd6 Rf6 50. Rd5 Kg6 51. Rc5 Rf5 52. Rc6+ Kh5 53. Rc4 Rf8 54. Rc5+ g5 55. Rc6 Re8 56. Rd6 Re4 57. Rc6 Rh4+ 58.
Kg3 Rb4 59. Kh2 Rb3 60. Rd6 Re3 61. Rc6 Re8 62. Rd6 Rh8 63. Rc6 Kg4 64. Rc5 h5 65.
Rc4+ Kf5 66. Rc5+ Kg6 67. Rc6+ Kf7 68. Rc7+ Ke6 69. Rc6+ Kd5 70. Rg6 g4 71. Kg3 Ke5 72. Kh4 Kf4 73. Rf6+ Ke3 74. Rf5 Rh7 75. Rf8 Ke2 76.
g3 Rg7 77. Kxh5 Ke3 78. Kh6 Rd7 79. Kg5 Rd4 80. Rf7 Re4 81. Rf8 Rd4 82. Kh4 Re4 83. Rg8 Kf3 84. Rf8+ Kg2 85. Rf7 Kg1 86. Rf6 Kg2 87.
Rf8 Rd4 88. Ra8 Re4 89. Ra2+ Kf3 90. Ra3+ Kg2 91. Rb3 Rd4 92. Rc3 Re4 93. Rb3 Rd4 94.
Rb2+ Kf3 95. Rb3+ Kg2 1/2-1/2

[Event "Late-Titled-Tuesday-Blitz-May-14-2024"]
[Site "Chess.com"]
[Date "2024.05.14"]
[Round "6"]
[White "Cambek64"]
[Black "ferrufino64"]
[Result "0-1"]
[WhiteElo "2490"]
[BlackElo "2330"]
[TimeControl "180+1"]
[EndTime "15:08:38 PDT"]
[Termination "ferrufino64 won by resignation"]

1. e4 c5 2. Nc3 Nc6 3. d3 d6 4.
Be3 Nf6 5. h3 g6 6. f4 Bg7 7. g4 h5 8. g5 Nd7 9. Bg2 Nd4 10. Nf3 O-O 11. O-O Rb8 12. a4 b6 13.
Rb1 a6 14. Ne2 Nxf3+ 15. Rxf3 b5 16. axb5 axb5 17. f5 Ne5 18. Rf2 b4 19. b3 Re8 20.
Qf1 Ra8 21. f6 exf6 22. gxf6 Bf8 23. Bg5 Ra2 24. Nf4 Be6 25. Kh1 Kh7 26. Qd1 Bh6 27. Bxh6 Kxh6 28. Qd2 Kh7 29. Nxh5 Rh8 30. Ng7 Qd7 31.
Nxe6 Qxe6 32. Qg5 Kg8 33. Kg1 Rh5 34. Qg3 Kh7 35. Rbf1 Kh6 36. Qe3+ Kh7 37. Re2 Nc6 38. Rf4 Nd4 39. Ref2 Ra1+ 40. Kh2 Qe5 41. Qg3 Rc1 42. Bf3 Rg5 43. Qh4+ Kg8 44. Bg2 Rxc2 45. Qh6 Rxg2+ 46. Kxg2 Rxf2+ 47. Rxf2 Ne6 48. h4 d5 49. h5 gxh5 50. Rf5 Qb2+ 51. Kh3 Qe2 52. Rg5+ Nxg5+ 53. Qxg5+ Kf8 54. Qg7+ Ke8 55. Qg8+ Kd7 56. Qxf7+ Kc8 57. Qe6+ Kc7 58. f7 Qf3+ 59. Kh4 Qf2+ 60. Kxh5 Qf3+ 61.
Kg6 Qg3+ 62. Kh7 Qh4+ 63. Kg8 Qg5+ 64. Kf8 Qd8+ 65. Kg7 Qg5+ 66. Qg6 Qe5+ 67. Qf6 Qg3+ 68. Kh7 Qh3+ 69. Kg6 Qg4+ 70. Qg5 Qe6+ 71. Kg7 Qe5+ 72. Qf6 Qg5+ 73. Kh7 Qxf6 74. Kg8 Qxf7+ 75. Kxf7 dxe4 76. dxe4 c4 77. bxc4 b3 78. e5 b2 79. e6 b1=Q 80. e7 Qf5+ 81. Kg7 Kd7 82. c5 Kxe7 83. c6 Qc8 84. c7 Qxc7 85. Kg6 Qd7 86. Kg5 Qe8 87. Kf4 Qf8+ 88. Ke5 Qf6+ 89. Kd5 Qe6+ 0-1

[Event "Late-Titled-Tuesday-Blitz-May-14-2024"]
[Site "Chess.com"]
[Date "2024.05.14"]
[Round "6"]
[White "lucasmito"]
[Black "alexrustemov"]
[Result "1-0"]
[WhiteElo "2745"]
[BlackElo "2910"]
[TimeControl "180+1"]
[EndTime "15:08:44 PDT"]
[Termination "lucasmito won by checkmate"]

1. e4 e6 2. d4 d5 3. Nc3 dxe4 4. Nxe4 Bd7 5. Nf3 Bc6 6. Bd3 Nd7 7. Qe2 Ngf6 8.
Nxf6+ Nxf6 9. Bg5 Bxf3 10. Qxf3 Qd5 11. Qxd5 Nxd5 12. O-O-O Be7 13. Bd2 c6 14. c4 Nb6 15.
b3 Bf6 16. Be3 Rd8 17. Be4 O-O 18. g4 g6 19. h4 Rd7 20. g5 Bg7 21. Rd2 Rfd8 22.
Rhd1 Nc8 23. d5 exd5 24. cxd5 c5 25. Bxc5 Nd6 26. Bd3 Be5 27. Rc2 a6 28. Bb6 Re8 29. a4 Kg7 30. Bf1 h6 31. Bh3 Rde7 32. Bd4 Bxd4 33. Rxd4 Re4 34. Rcd2 R4e5 35. f4 Re3 36. R2d3 Re1+ 37. Kb2 a5 38. b4 R8e2+ 39. Ka3 Ra1+ 40. Kb3 Rb1+ 41. Ka3 b6 42. bxa5 bxa5 43.
Bg4 Rh2 44. Rh3 Rf2 45. Bd7 h5 46. Rc3 Rbb2 47. Rc6 Ra2+ 48. Kb3 Rfb2+ 49. Kc3 Rc2+ 50. Kb3 Rcb2+ 51. Kc3 Nb7 52. d6 Rc2+ 53. Kd3 Nc5+ 54. Rxc5 Rxc5 55. Bb5 Ra3+ 56. Kd2 Rc8 57. d7 Rd8 58.
Re4 Rf3 59. Re8 Rxd7+ 60. Bxd7 Rxf4 61. Ra8 Rxh4 62. Rxa5 Rh2+ 63. Ke3 Rg2 64. Kf4 h4 65.
Ra7 Rg3 66. Be6 Kf8 67. Rxf7+ Ke8 68. Rh7 Ra3 69. Bd7+ Kd8 70. Bb5 h3 71. Kg4 Re3 72. Rxh3 Re4+ 73. Kf3 Rb4 74. Rg3 Ke7 75. Rg4 Rb3+ 76.
Kg2 Ke6 77. Rf4 Ke5 78. Rf6 Rb2+ 79. Kg3 Rb3+ 80. Kg4 Rb4+ 81. Kf3 Rb3+ 82. Ke2 Rb2+ 83. Kd3 Rb3+ 84. Kc4 Rg3 85. Rxg6 Rg4+ 86. Kc5 Rg1 87. Rg8 Rc1+ 88. Kb6 Kd6 89. a5 Rg1 90. a6 Ra1 91. a7 Ke5 92. a8=Q Rxa8 93. Rxa8 Kf5 94. Rg8 Ke6 95.
Bc4+ Ke7 96. g6 Kf6 97. g7 Kg6 98. Kc6 Kf6 99. Kd6 Kg6 100. Ke6 Kh6 101. Kf6 Kh7 102. Rh8# 1-0

[Event "Late-Titled-Tuesday-Blitz-May-14-2024"]
[Site "Chess.com"]
[Date "2024.05.14"]
[Round "6"]
[White "imdvb6307"]
[Black "schachlana"]
[Result "1-0"]
[WhiteElo "2529"]
[BlackElo "2349"]
[TimeControl "180+1"]
[EndTime "15:08:45 PDT"]
[Termination "imdvb6307 won by resignation"]

1. d4 Nf6 2. Nf3 g6 3. c4 Bg7 4. Nc3 c5 5. e4 cxd4 6. Nxd4 d6 7. Be2 O-O 8. Be3 Nc6 9. h3 a6 10. O-O Bd7 11. Nf3 Rc8 12. Rc1 Re8 13. Nd5 Nxd5 14.
exd5 Ne5 15. Nxe5 Bxe5 16. b4 Bf5 17. Bg4 Qd7 18. Qf3 Bxg4 19. Qxg4 Qa4 20. c5 Qxa2 21.
Rfd1 f5 22. Qh4 Qa4 23. cxd6 exd6 24. Re1 Qd7 25. Bd4 Rxc1 26. Rxc1 Qe7 27. Qxe7 Rxe7 28.
Rc8+ Kf7 29. Bb6 Bf4 30. g3 Bd2 31. Ba5 h5 32. Rc2 Bg5 33. h4 Bh6 34. Rc8 Bg7 35.
Bc7 Be5 36. Bb8 Rd7 37. f4 Bd4+ 38. Kg2 Ke7 39. Rg8 Kf7 40. Rc8 Bf6 41. Bc7 Bc3 42.
Ba5 Bd2 43. Kf3 b6 44. Bxb6 Bxb4 45. Ra8 Rb7 46. Rxa6 Bc3 47. Ke2 Bf6 48. Kd3 Be7 49. Kc4 Rb8 50. Kb5 Rc8 51. Ra3 Rc2 52. Ka6 Rb2 53. Bc7 Rc2 54. Kb7 Rb2+ 55. Kc6 Rc2+ 56.
Kd7 Rg2 57. Re3 Bf8 58. Bxd6 Bxd6 59. Kxd6 Rd2 60. Ke5 Rd1 61. Ra3 Rg1 62. Ra7+ Kf8 63. Kf6 Ke8 64. Ra8+ Kd7 65. Kxg6 Rxg3+ 66. Kxf5 Kd6 67.
Ra6+ Kxd5 68. Rh6 Rf3 69. Kg5 Rg3+ 70. Kxh5 Ke4 71. Rf6 Rg8 72. Kh6 Rh8+ 73. Kg5 Rg8+ 74. Rg6 Rh8 75. h5 Rf8 76. Re6+ Kd5 77. Re7 Kd6 78. Re4 Rg8+ 79. Kh6 Rh8+ 80. Kg6 Rg8+ 81. Kh7 Rf8 82. h6 Kd5 83. Ra4 Kd6 84. Ra6+ Ke7 85. Ra7+ Kf6 86. Rg7 Kf5 87. Rg6 Kxf4 88. Ra6 Rb8 89.
Ra7 Kg5 90. Kg7 Rb6 91. h7 Rg6+ 92. Kf8 Rf6+ 93. Kg8 Rg6+ 94. Rg7 Rxg7+ 95. Kxg7 1-0